 Dungeon Crawl Stone Soup version 0.27-a0-1140-g099f9bb0e8 (webtiles) character file.

Game seed: 16149565291426982028

611 reriks the Skirmisher (level 7, -3/75 HPs)
             Began as an Ogre Fighter on May 8, 2021.
             Slain by a hornet (4 damage)
             ... while paralysed by a hornet
             ... on level 5 of the Dungeon.
             The game lasted 00:05:51 (6486 turns).

reriks the Skirmisher (Ogre Fighter)                Turns: 6486, Time: 00:05:52

Health: -3/75      AC:  6    Str: 23    XL:     7   Next: 44%
Magic:  7/7        EV:  1    Int: 12    God:
Gold:   211        SH:  0    Dex:  8    Spells: 6/6 levels left

rFire    + + +     SeeInvis .   v - +7 morningstar of the Glowing Ass {flame, rElec rF+ rC+ Int+3}
rCold    + + .     Faith    +   c - +0 kite shield
rNeg     . . .     Spirit   .   t - +2 robe {rC+ rF+}
rPois    .         Reflect  .   (helmet restricted)
rElec    +         Harm     .   k - +0 cloak
rCorr    .         Rampage  .   (gloves unavailable)
Will     .....                  (boots unavailable)
Stlth    +.........             w - amulet of faith
HPRegen  0.22/turn              l - ring of protection from fire
MPRegen  0.10/turn              (no ring)

@: paralysed, lethally poisoned (-3 -> -30), slowed
A: large, unfitting armour, tough skin 1
a: no special abilities


You were on level 5 of the Dungeon.
You visited 1 branch of the dungeon, and saw 5 of its levels.

You collected 211 gold pieces.

Inventory:

Hand Weapons
 a - a +0 war axe
 m - a +1 whip of venom
 q - a +2 flail of protection
 v - the +7 morningstar of the Glowing Ass (weapon) {flame, rElec rF+ rC+ Int+3}
   (You found it on level 4 of the Dungeon)

   It has been specially enchanted to burn those struck by it, causing extra
   injury to most foes and up to half again as much damage against particularly
   susceptible opponents.
   It affects your intelligence (+3).
   It protects you from fire.
   It protects you from cold.
   It insulates you from electricity.
 y - a +0 giant club
Armour
 b - a +0 robe
 c - a +0 kite shield (worn)
 k - a +0 cloak (worn)
 t - a +2 robe of resistance (worn)
Jewellery
 l - a ring of protection from fire (left hand)
 w - an amulet of faith (around neck)
Wands
 o - a wand of paralysis (2)
Scrolls
 f - 12 scrolls of identify
 h - 2 scrolls of immolation {unknown}
 i - 2 scrolls of magic mapping {unknown}
 p - 2 scrolls of amnesia {unknown}
 s - 2 scrolls of enchant weapon {unknown}
 u - a scroll of noise {unknown}
Potions
 d - 2 potions of might
 e - 4 potions of curing
 g - a potion of flight {unknown}
 j - a potion of magic {unknown}
 n - 2 potions of heal wounds {unknown}
 r - a potion of mutation {unknown}
 x - 2 potions of brilliance {unknown}


   Skills:
 + Level 6.0 Fighting
 - Level 3.6(3.7) Axes
 + Level 1.0(2.3) Maces & Flails
 + Level 2.4 Armour
 + Level 4.2 Dodging
 + Level 4.2 Shields


You had 6 spell levels left.
You didn't know any spells.
Your spell library contained the following spells:

 Spells                   Type           Power      Damage    Failure   Level
 Animate Skeleton         Necr           0%         N/A       67%         1
 Apportation              Tloc           0%         N/A       67%         1
 Corona                   Hex            0%         N/A       67%         1
 Freeze                   Ice            0%         1d3       67%         1
 Summon Small Mammal      Summ           0%         N/A       67%         1
 Frozen Ramparts          Ice            0%         1d2       95%         3
 Ozocubu's Armour         Ice            0%         N/A       95%         3
 Hailstorm                Conj/Ice       0%         3d3       100%        4
 Metabolic Englaciation   Hex/Ice        0%         N/A       100%        5


Dungeon Overview and Level Annotations

Branches:
Dungeon (5/15)
 Temple: D:4-7

Altars:

Shops:
D:3 *


Innate Abilities, Weirdness & Mutations

You are too large for most types of armour.
You have tough skin. (AC +1)


Message History

There is an open door here.
You now have 211 gold pieces (gained 9).
f - 12 scrolls of identify (gained 1)
Found a chain mail.
Found a pair of boots.
You open the door.
There is an open door here.
As you open the door, it creaks loudly!
A hornet comes into view.
The hornet buzzes angrily.
Found 22 sling bullets.
You sock the hornet! You burn the hornet.
The hornet is severely wounded.
The hornet stings you!
You are poisoned.
You feel yourself slow down. The hornet stings you!
You feel as though you will be slow longer.
You barely miss the hornet.
The hornet is severely wounded.
You feel very sick. You block the hornet's attack.
The hornet stings you but does no damage.
You block the hornet's attack. The hornet stings you!
You are more poisoned.
You feel as though you will be slow longer.
You closely miss the hornet.
The hornet is heavily wounded.
You feel extremely sick. The hornet stings you!
You suddenly lose the ability to move!
The hornet stings you.
You are more poisoned.
You feel as though you will be slow longer.
The hornet stings you!
* * * LOW HITPOINT WARNING * * *
You are more poisoned.
You shrug off the repeated paralysis!
* * * LOW HITPOINT WARNING * * *
You feel extremely sick. The hornet stings you.
You die...

##..(.........♣...#
#....##'#....♣....##
+....#..#..........# ..
#....# .'..........# ...
#....# #..........#
...####.... ######......#
#[.....#'####...........#
#......#y...#...........#
#......'@...#...........#
#......#....#.....#######
+......#....#.....#
#....[.#....#.....#
##......######.....#
...............#####
...............#
...............#
...............#


You could see a hornet.

Vanquished Creatures
  2 ogres
  A scorpion (D:4)
  A hound (D:5)
  3 iguanas
  Ijyb (D:3)
  An orc wizard (D:2)
  Robin (D:4)
  A gnoll (D:1)
  8 adders
  An ufetubus (D:4)
  A worm (D:2)
  6 dart slugs
  12 orcs
  4 ball pythons
  5 endoplasms
  2 giant cockroaches
  22 goblins
  6 hobgoblins
  5 jackals
  6 kobolds
  4 quokkas
  3 bats
  6 frilled lizards
  5 rats
107 creatures vanquished.

Notes
Turn   | Place    | Note
-------+----------+-------------------------------------------
     0 | D:1      | reriks the Ogre Fighter began the quest for the Orb.
     0 | D:1      | Reached XP level 1. HP: 24/24 MP: 1/1
   170 | D:1      | Reached XP level 2. HP: 29/32 MP: 2/2
  1258 | D:1      | Reached XP level 3. HP: 40/40 MP: 3/3
  1903 | D:1      | Found a faded altar of an unknown god.
  2138 | D:2      | Reached XP level 4. HP: 32/49 MP: 4/4
  2441 | D:2      | Reached skill level 1 in Armour
  3031 | D:2      | Reached XP level 5. HP: 29/55 MP: 5/5
  3824 | D:3      | Noticed Ijyb
  3837 | D:3      | Killed Ijyb
  3838 | D:3      | Reached skill level 5 in Fighting
  4188 | D:3      | Found Qeatte's Assorted Antiques.
  4336 | D:4      | Reached XP level 6. HP: 13/66 MP: 6/6
  4665 | D:4      | Noticed Robin
  5368 | D:4      | Killed Robin
  5924 | D:4      | Identified the +7 morningstar of the Glowing Ass {flame,
                  | rElec rF+ rC+ Int+3}
  5987 | D:5      | Entered Level 5 of the Dungeon
  6006 | D:5      | Reached XP level 7. HP: 74/74 MP: 7/7
  6229 | D:5      | Reached skill level 6 in Fighting
  6229 | D:5      | Reached skill level 1 in Maces & Flails
  6481 | D:5      | Noticed a hornet
  6485 | D:5      | Paralysed by a hornet for 3 turns
  6486 | D:5      | HP: 1/75 [poisoned by a hornet]
  6486 | D:5      | Slain by a hornet

Illustrated notes

Levels and vault maps discovered:
D:1:      onia_arrival_mini_maze, layout_basic,
          hellmonk_ecumenical_altar_leap_of_faith
D:2:      layout_basic, st_stairs_3
D:3:      layout_loops_ring, serial_shops, shop_fountains, uniq_ijyb
D:4:      kennysheep_goblin_castle, layout_basic
D:5:      layout_gridville, serial_shops, shop, roderic_roman_lattice,
          st_stairs_1, abandoned_shop, chequers_garden, minivault_5

Skill      XL: |  1  2  3  4  5  6  7 |
---------------+----------------------+-----
Dodging        | 3 4 |  4.2
Shields        | 3 4 |  4.2
Armour         | 1 2 |  2.4
Axes           | 3 |  3.6
Fighting       | 5 6 |  6.0
Maces & Flails | 1 |  1.0

Action                   |  1- 3 |  4- 6 |  7- 9 || total
-------------------------+-------+-------+-------++-------
Melee: War axe           |    83 |       |       ||    83
       Whip              |    21 |   218 |       ||   239
       Morningstar       |       |     2 |    23 ||    25
       Unarmed           |       |       |    12 ||    12
Evoke: Wand              |       |     4 |       ||     4
  Use: Scroll            |       |     1 |       ||     1
 Stab: Paralysed         |       |     5 |       ||     5
Armor: Robe              |    26 |    69 |     4 ||    99
Dodge: Dodged            |    21 |   100 |    14 ||   135
Block: Kite shield       |    53 |   119 |    15 ||   187

Table legend: (Time is in decaauts)
 A = Elapsed time spent in this place.
 B = Non-inter-level travel time spent in this place.
 C = Inter-level travel time spent in this place.
 D = Time resting spent in this place.
 E = Time spent auto-exploring this place.
 F = Levels seen in this place.
 G = Mean time per level.
                   A        B        C        D        E       F      G
               +--------+--------+--------+--------+--------+-----+--------+
         Total |   6600 |   6372 |    228 |   2146 |   3232 |   5 | 1320.0 |
       Dungeon |   6600 |   6372 |    228 |   2146 |   3232 |   5 | 1320.0 |
               +--------+--------+--------+--------+--------+-----+--------+

Top non-repeatable levels by time:
     D:1: 2028 daAuts
     D:2: 1428 daAuts
     D:3: 1409 daAuts
     D:4: 1222 daAuts
     D:5: 511 daAuts
